 Dungeon Crawl Stone Soup version 0.30.0 (webtiles) character file.

Game seed: 15766755334514682701

38 lyrin the Caller (level 3, -4/27 HPs)
             Began as a Minotaur Summoner on May 6, 2023.
             Slain by a gnoll
             ... wielding a +0 club
              (8 damage)
             ... on level 2 of the Dungeon.
             The game lasted 00:02:29 (1807 turns).

lyrin the Caller (Minotaur Summoner)                Turns: 1807, Time: 00:02:30

Health: -4/27      AC:  6    Str: 14    XL:     3   Next: 25%
Magic:  4/4        EV:  9    Int: 12    God:
Gold:   86         SH:  0    Dex: 10    Spells: 3/4 levels left

rFire   . . .        e - +0 trident
rCold   . . .        (no shield)
rNeg    . . .        f - +0 scale mail
rPois   .            (helmet restricted)
rElec   .            (no cloak)
rCorr   .            (no gloves)
SInv    .            (no boots)
Will    .....        (no amulet) Stlth
                     (no ring)
HPRegen 0.24/turn    (no ring)
MPRegen 0.09/turn

%: no passive effects
@: no status effects
A: horns 2, retaliatory headbutt
a: no special abilities


You were on level 2 of the Dungeon.
You visited 1 branch of the dungeon, and saw 2 of its levels.

You collected 86 gold pieces.

Inventory:

Hand Weapons
 e - a +0 trident (weapon)
Armour
 f - a +0 scale mail (worn)
Scrolls
 c - 2 scrolls of fog {unknown}
 d - a scroll of teleportation {unknown}
 h - a scroll of brand weapon {unknown}
 i - a scroll of fear {unknown}
 j - a scroll of amnesia {unknown}
 k - a scroll of identify {unknown}
 m - a scroll of poison {unknown}
Potions
 a - a potion of degeneration {unknown}
 b - a potion of magic
 g - a potion of heal wounds {unknown}
 l - 2 potions of curing {unknown}
 n - a potion of cancellation {unknown}


   Skills:
 + Level 0.8 Fighting
 - Level 0.9 Short Blades
 * Level 1.5 Polearms
 + Level 0.4 Armour
 + Level 2.9 Dodging
 - Level 1.5 Stealth
 - Level 1.1 Unarmed Combat
 - Level 1.3 Spellcasting
 - Level 2.9 Summonings


You had 3 spell levels left.
You knew the following spells:

 Your Spells              Type           Power      Damage    Failure   Level
a - Summon Small Mammal   Summ           28%        N/A       36%         1

Your spell library contained the following spells:

 Spells                   Type           Power      Damage    Failure   Level
 Call Imp                 Summ           14%        N/A       52%         2
 Call Canine Familiar     Summ           7%         N/A       75%         3
 Summon Guardian Golem    Hex/Summ       4%         N/A       91%         3
 Stone Arrow              Conj/Erth      0%         3d7       98%         3
 Animate Armour           Summ/Erth      8%         N/A       100%        4
 Summon Lightning Spire   Summ/Air       4%         N/A       100%        4
 Lehudib's Crystal Spear  Conj/Erth      0%         10d2      100%        8


Dungeon Overview and Level Annotations

Branches:
Dungeon (2/15)

Altars:


Innate Abilities, Weirdness & Mutations

You have a pair of horns on your head.
You reflexively headbutt those who attack you in melee.


Message History

The jackal bites you but does no damage.
A frilled lizard comes into view.
The frilled lizard hisses angrily.
The jackal bites you but does no damage.
The jackal attacks as you move away!
The jackal bites you but does no damage.
The jackal attacks as you move away! The jackal closely misses you.
The frilled lizard bites you but does no damage.
You closely miss the frilled lizard.
Your headbutt misses the frilled lizard.
The jackal bites you but does no damage.
The frilled lizard closely misses you.
You closely miss the frilled lizard.
The jackal bites you but does no damage.
The frilled lizard bites you but does no damage.
The jackal closely misses you.
You closely miss the frilled lizard.
Your headbutt misses the frilled lizard.
The frilled lizard bites you but does no damage.
The jackal barely misses you. You furiously retaliate!
You headbutt the jackal!
You kill the jackal!
The frilled lizard misses you.
You closely miss the frilled lizard. The jackal bites you.
The jackal barely misses you. The frilled lizard closely misses you.
You miss the frilled lizard. Your punch misses the frilled lizard.
The jackal barely misses you. You furiously retaliate!
You headbutt the jackal. The frilled lizard barely misses you.
The jackal barely misses you. You furiously retaliate!
You headbutt the jackal.
You kill the jackal!
You closely miss the frilled lizard. The frilled lizard closely misses you.
You puncture the frilled lizard!
You kill the frilled lizard!
The gnoll hits you from afar with a +0 heavy halberd!
Ouch! That really hurt!
* * * LOW HITPOINT WARNING * * *
The gnoll hits you with a +0 club.
* * * LOW HITPOINT WARNING * * *
The gnoll attacks as you move away! The gnoll barely misses you.
The gnoll attacks as you move away! The gnoll hits you with a +0 club!
You die...

#...###.#
######..##########
.................#
.......#########.#
.......# #.#
######## #.# #...#
#g# ..<.# #g#
#...# #@# #####
#.# # #.# # #.# #
#.# # #.# ... #.#


You could see 2 gnolls.

Vanquished Creatures
  A gnoll (D:1)
  A dart slug (D:1)
  An endoplasm (D:2)
  4 hobgoblins (D:1)
  4 jackals
  A kobold (D:1)
  4 quokkas (D:1)
  A ball python (D:1)
  A bat (D:1)
  2 frilled lizards
  A goblin (D:1)
  4 rats (D:1)
25 creatures vanquished.

Notes
Turn   | Place    | Note
-------+----------+-------------------------------------------
     0 | D:1      | lyrin the Minotaur Summoner began the quest for the Orb.
     0 | D:1      | Reached XP level 1. HP: 14/14 MP: 1/1
   216 | D:1      | Reached XP level 2. HP: 22/22 MP: 3/3
   810 | D:1      | Reached skill level 1 in Unarmed Combat
   958 | D:1      | Reached skill level 1 in Polearms
  1348 | D:1      | Reached XP level 3. HP: 9/27 MP: 4/4
  1807 | D:2      | Slain by a gnoll

Illustrated notes

Levels and vault maps discovered:
D:1:      dpeg_arrival_court, layout_basic, minmay_pentomino_r4
D:2:      layout_loops_ring, nicolae_elevator_lobby_plus

Skill      XL: |  1  2 |
---------------+-------+-----
Unarmed Combat | 1 |  1.1
Polearms       | 1 |  1.5
Fighting       | |  0.8
Short Blades   | |  0.9
Armour         | |  0.4
Dodging        | |  2.9
Stealth        | |  1.5
Spellcasting   | |  1.3
Summonings     | |  2.9

Action                     || total
---------------------------++-------
  Melee: Dagger            ||    11
         Unarmed           ||     3
         Trident           ||    41
         Headbutt          ||     5
   Stab: Sleeping          ||     1
 Armour: Robe              ||     3
         Scale mail        ||    17
  Dodge: Dodged            ||    51
